 Dungeon Crawl Stone Soup version 0.24-a0-48-g0ecae65 (webtiles) character file.

Game seed: 12024971658413184701

822 WigglyPig the Caller (level 7, 0/40 HPs)
             Began as a Tengu Summoner on Feb 3, 2019.
             Shot with an arrow by a centaur (9 damage)
             ... on level 7 of the Dungeon.
             The game lasted 00:17:04 (5708 turns).

WigglyPig the Caller (Tengu Summoner)               Turns: 5708, Time: 00:17:05

Health: 0/40       AC:  3    Str: 11    XL:     7   Next: 95%
Magic:  14/14      EV: 12    Int: 15    God:
Gold:   198        SH:  0    Dex: 14    Spells: 4/14 levels left

rFire    . . .     SeeInvis .   w - +1 hand axe (venom)
rCold    . . .     Gourm    .   (no shield)
rNeg     + . .     Faith    .   a - +0 robe
rPois    .         Spirit   .   (helmet restricted)
rElec    .         Reflect  .   (no cloak)
rCorr    .         Harm     .   p - +0 pair of gloves
MR       .....                  (boots unavailable)
Stlth    ++........             (no amulet)
HPRegen  0.13/turn              j - ring of positive energy
MPRegen  0.14/turn              (no ring)

@: no status effects
A: beak, talons 3, able to fly
a: Fly


You were on level 7 of the Dungeon.
You were not hungry.

You visited 2 branches of the dungeon, and saw 7 of its levels.

You collected 198 gold pieces.

Inventory:

Hand Weapons
 d - a +0 club
 h - a +2 hand axe of flaming
 r - a cursed +0 trident
 w - a +1 hand axe of venom (weapon)
Missiles
 v - 4 tomahawks (quivered)
Armour
 a - a +0 robe (worn)
 p - a +0 pair of gloves (worn)
Jewellery
 f - an uncursed ring of fire {unknown}
 j - a ring of positive energy (left hand)
Wands
 x - a wand of digging (5)
Scrolls
 b - 4 scrolls of identify {unknown}
 e - a scroll of enchant armour {unknown}
 g - 4 scrolls of remove curse {unknown}
 m - a scroll of teleportation {unknown}
 t - a scroll of immolation {unknown}
 u - a scroll of noise {unknown}
Potions
 i - a potion of brilliance {unknown}
 k - a potion of cancellation {unknown}
 l - a potion of resistance {unknown}
 n - a potion of heal wounds {unknown}
 o - a potion of haste {unknown}
 q - a potion of mutation {unknown}
 s - a potion of flight {unknown}
Comestibles
 c - 7 rations


   Skills:
 + Level 2.1 Fighting
 + Level 4.5 Axes
 + Level 0.7(2.9) Maces & Flails
 - Level 2.1 Dodging
 - Level 2.0 Stealth
 + Level 4.3 Spellcasting
 + Level 7.4 Summonings
 * Level 3.3 Air Magic


You had 4 spell levels left.
You knew the following spells:

 Your Spells              Type           Power        Failure   Level  Hunger
a - Summon Small Mammal   Summ           ####         1%          1    None
b - Call Imp              Summ           ####....     1%          2    ##.....
c - Call Canine Familiar  Summ           ####....     2%          3    ###....
d - Summon Lightning Spi  Summ/Air       ###.....     19%         4    ####...

Your spell library contained the following spells:

 Spells                   Type           Power        Failure   Level  Hunger
 Summon Guardian Golem    Hex/Summ       ##......     12%         3    ###....
 Summon Ice Beast         Ice/Summ       ##......     36%         4    ####...


Dungeon Overview and Level Annotations

Branches:
Dungeon (8/15)             Temple (1/1) D:4
   Lair: D:8-11

Altars:
Ashenzari
Cheibriados
Dithmenos
Elyvilon
Fedhas
Gozag
Hepliaklqana
Kikubaaqudgha
Makhleb
Nemelex Xobeh
Qazlal
Ru
Sif Muna
Uskayaw
Vehumet
Xom
Yredelemnul
Zin
The Shining One

Annotations:
D:1 exclusion: downstairs
D:4 2 transporters
D:8 Maurice, Prince Ribbit


Innate Abilities, Weirdness & Mutations

You have a beak for a mouth.
You have claws for feet.
You can fly continuously.


Message History

Your transformation is almost over.
The kobold throws a stone.
The stone misses you.
The centaur shoots an arrow.
The arrow hits you.
You see here an arrow.
Found a curved glowing staff.
The centaur shoots an arrow.
The arrow hits you!
You see here an arrow.
Found a rapier.
Your transformation has ended.
Your +1 hand axe of venom unmelds from your body.
Your +0 pair of gloves unmelds from your body.
Your +0 robe unmelds from your body.
Your ring of positive energy unmelds from your body.
Your +1 hand axe of venom begins to drip with poison!
Found a robe.
The centaur shoots an arrow.
The arrow hits you!
* * * LOW HITPOINT WARNING * * *
You see here an arrow.
The centaur shoots an arrow.
The arrow hits you!
You die...

## #.#. ....# ....# ......
######...[.. ## #..#......#
#. #..(@....#
##.###........#
#...#.........#
####...............
#.................. #...
#......##.......... ..#
##....c###......... # #..
###.#........#.#...##.###..
###........####..#....#..


You could see a centaur.

Vanquished Creatures
  Pikel (D:3)
  Edmund (D:4)
  A bullfrog (D:8)
  2 hounds (D:4)
  A jelly (D:2)
  An orc priest (D:3)
  An orc wizard (D:7)
  A worker ant (D:4)
  A gnoll (D:1)
  6 adders
  A dart slug (D:3)
  5 leopard geckos
  12 orcs
  7 bats
  5 giant cockroaches
  8 goblins
  6 hobgoblins
  9 jackals
  3 quokkas
  4 frilled lizards
  3 kobolds
  5 rats
84 creatures vanquished.

Vanquished Creatures (collateral kills)
  An ogre (D:7)
  An orc priest (D:7)
  A jelly (D:2)
  Jessica (D:3)
  An adder (D:2)
  A worm (D:2)
  A dart slug (D:1)
  A leopard gecko (D:2)
  4 orcs
  A goblin (D:1)
  2 hobgoblins
  An iguana (D:2)
  3 jackals (D:1)
  A kobold (D:2)
20 creatures vanquished.

Vanquished Creatures (others)
  2 gnolls (D:4)
  An adder skeleton (D:4)
  A goblin (D:4)
  2 hobgoblins (D:4)
  A kobold (D:7)
7 creatures vanquished.

Grand Total: 111 creatures vanquished

Notes
Turn   | Place    | Note
-------+----------+-------------------------------------------
     0 | D:1      | WigglyPig the Tengu Summoner began the quest for the Orb.
     0 | D:1      | Reached XP level 1. HP: 10/10 MP: 4/4
    41 | D:1      | Reached skill level 5 in Summonings
    53 | D:1      | Reached XP level 2. HP: 6/15 MP: 0/6
   217 | D:1      | Learned a level 2 spell: Call Imp
   605 | D:1      | Reached XP level 3. HP: 7/19 MP: 4/7
  1246 | D:2      | Reached skill level 6 in Summonings
  1296 | D:2      | Found a sparkling altar of Nemelex Xobeh.
  1461 | D:2      | Reached XP level 4. HP: 21/24 MP: 8/8
  1470 | D:2      | Reached skill level 1 in Axes
  1520 | D:2      | Learned a level 3 spell: Call Canine Familiar
  1579 | D:2      | Found a shattered altar of Ashenzari.
  1926 | D:2      | Gained mutation: You can fly continuously. [Tengu growth]
  1926 | D:2      | Reached XP level 5. HP: 27/28 MP: 4/9
  1931 | D:2      | Found a shimmering altar of Xom.
  1996 | D:2      | Found a hazy altar of Hepliaklqana.
  2005 | D:2      | Found a glowing silver altar of Zin.
  2006 | D:2      | Found an opulent altar of Gozag.
  2007 | D:2      | Found a radiant altar of Vehumet.
  2010 | D:2      | Found a white marble altar of Elyvilon.
  2701 | D:3      | Reached skill level 1 in Fighting
  2983 | D:3      | Found a faded altar of an unknown god.
  3041 | D:3      | Noticed Jessica
  3051 | D:3      | Killed Jessica
  3457 | D:3      | Reached XP level 6. HP: 27/34 MP: 11/11
  3524 | D:3      | Learned a level 4 spell: Summon Lightning Spire
  3598 | D:4      | Found a staircase to the Ecumenical Temple.
  3610 | Temple   | Entered the Ecumenical Temple
  3801 | D:4      | Noticed Edmund
  3806 | D:4      | Noticed Pikel
  3807 | D:4      | Noticed a slave
  3807 | D:4      | Noticed a slave
  3808 | D:4      | Noticed a slave
  3810 | D:4      | Noticed a slave
  3812 | D:4      | HP: 1/34 [Edmund/+2 dire flail of protection (8)]
  4153 | D:3      | Found a faded altar of an unknown god.
  4360 | D:3      | Killed Pikel
  4360 | D:3      | Reached XP level 7. HP: 31/39 MP: 2/13
  4503 | D:4      | Found a burning altar of Makhleb.
  4511 | D:4      | Reached skill level 7 in Summonings
  4972 | D:4      | Killed Edmund
  5322 | D:4      | Found an ancient bone altar of Kikubaaqudgha.
  5332 | D:4      | Found a transporter.
  5339 | D:4      | Found a transporter.
  5352 | D:4      | Found a basalt altar of Yredelemnul.
  5355 | D:4      | You fall through a shaft for 3 floors!
  5376 | D:7      | Noticed a vampire
  5619 | D:8      | Noticed Prince Ribbit
  5652 | D:8      | Noticed Maurice
  5708 | D:7      | Shot with an arrow by a centaur

Vault maps used:
D:1:      eino_arrival_water_cross, chequers_arboretum
D:2:      nemelex_xobeh_ov_fountains_minmay, minitemple, first_ration,
          dk_xom_monty_hall
D:3:      chequers_ecumenical_altar_grove, uniq_jessica
D:4:      okawaru_altar_gauntlet_db, makhleb_heckhound_becter,
          gammafunk_temple_of_torment, minmay_temple_entry_slanted,
          minmay_diced_spiral, uniq_menkaure, uniq_edmund, uniq_pikel
D:8:      wander_kiku_kobolds, kennysheep_mini_moat, uniq_erica,
          uniq_prince_ribbit1, uniq_maurice
Temple:   compressed_dpeg_triangle_lava_temple

Skill      XL: |  1  2  3  4  5  6  7 |
---------------+----------------------+-----
Summonings     | 5 6 7 |  7.4
Axes           | 2 3 4 |  4.5
Fighting       | 1 2 |  2.1
Spellcasting   | 3 4 |  4.3
Air Magic      | 2 3 |  3.3
Maces & Flails | |  0.7
Dodging        | |  2.1
Stealth        | |  2.0

Action                   |  1- 3 |  4- 6 |  7- 9 || total
-------------------------+-------+-------+-------++-------
Melee: Club              |    19 |       |       ||    19
       Kick              |    16 |    16 |     9 ||    41
       Peck              |     5 |     6 |     8 ||    19
       Hand axe          |    47 |    94 |    44 ||   185
 Cast: Summon Small Mamm |     7 |       |       ||     7
       Call Imp          |     9 |    15 |     9 ||    33
       Call Canine Famil |       |     4 |     4 ||     8
  Use: Potion            |       |       |     1 ||     1
 Stab: Sleeping          |     2 |     3 |       ||     5
       Distracted        |       |     1 |     1 ||     2
  Eat: Chunk             |     2 |     8 |     1 ||    11
       Ration            |       |     1 |     1 ||     2
Armor: Robe              |    18 |    17 |     7 ||    42
Dodge: Dodged            |    64 |    70 |    57 ||   191

Table legend:
 A = Non-vault XP
 B = Vault XP
 C = Vault XP percentage of total XP
 D = Non-vault monster count
 E = Vault monster count
 F = Vault count percentage of total count
                 A         B        C        D         E       F
            +---------+---------+-------+---------+---------+-------
      Total |     492 |     683 |  58.1 |      93 |      11 |  10.6
            +---------+---------+-------+---------+---------+-------
        D:1 |      41 |       0 |   0.0 |      19 |       0 |   0.0
        D:2 |      76 |      71 |  48.3 |      29 |       3 |   9.4
        D:3 |     128 |     390 |  75.3 |      29 |       2 |   6.5
        D:4 |      54 |     222 |  80.4 |       4 |       6 |  60.0
        D:7 |     132 |       0 |   0.0 |      10 |       0 |   0.0
        D:8 |      61 |       0 |   0.0 |       2 |       0 |   0.0
            +---------+---------+-------+---------+---------+-------
